AoeStats
← Cavernabrole

Arena

505044206Analyzed
2v2 RM · 24d ago on Sep 7, 2026· 63m 57s· 4 players
Game mode
Random Map
Map size
Medium (4 player)
Population
200
Speed
Normal
Resources
Standard
Victory
Conquest
Starting age
Dark Age
Ending age
Imperial Age
RankedLock teamsTeams togetherTeam positionsShared explorationLock speedFull tech treeHidden civsTurbo modeCheats
Victory
Defeat
🇺🇸 Cumans · United States
1318
+13
🇫🇷 Saracens · France
1285
+14
🇹🇷 Koreans · Türkiye
1278
-14
🇹🇷 Cumans · Türkiye
1228
-13
Ukabeyn
11:27 Feudal Age
12:41 Double-Bit Axe
15:23 Castle Age
13:55 Fletching
14:06 Gold Mining
16:26 Bodkin Arrow
20:31 Ballistics
33:56 Imperial Age
34:05 Elite War Wagon
37:45 Chemistry
36:50 Bracer
40:34 Wheelbarrow
40:18 Bow Saw
43:24 Forging
43:14 Scale Mail Armor
42:42 Elite Fire Lancer
43:08 Arson
43:23 Squires
43:08 Gambesons
44:57 Iron Casting
44:59 Chain Mail Armor
45:31 Conscription
44:44 Pikeman
50:16 Plate Mail Armor
56:15 Horse Collar
57:13 Halberdier
kerimakdogan8181
9:11 Feudal Age
11:46 Wheelbarrow
17:35 Castle Age
16:44 Double-Bit Axe
17:24 Horse Collar
18:05 Scale Barding Armor
20:49 Gold Mining
21:12 Bow Saw
21:08 Heavy Plow
24:44 Forging
25:41 Chain Barding Armor
25:51 Bloodlines
27:19 Hand Cart
26:50 Loom
30:08 Gold Shaft Mining
32:46 Imperial Age
34:08 Iron Casting
34:21 Plate Barding Armor
33:59 Elite Steppe Lancer
36:17 Blast Furnace
37:51 Capped Ram
38:31 Fletching
38:42 Padded Archer Armor
39:46 Chemistry
39:07 Ballistics
38:13 Elite Skirmisher
41:02 Two-Man Saw
41:04 Bodkin Arrow
41:25 Leather Archer Armor
42:56 Thumb Ring
42:59 Crossbowman
47:21 Ring Archer Armor
55:51 Scale Mail Armor
55:47 Pikeman
56:28 Squires
59:00 Arson
Cavernabrole
10:00 Feudal Age
13:47 Castle Age
11:44 Double-Bit Axe
12:12 Horse Collar
15:07 Bow Saw
16:23 Loom
19:34 Light Cavalry
21:07 Forging
23:24 Bloodlines
23:52 Wheelbarrow
23:03 Town Watch
24:57 Scale Barding Armor
25:14 Husbandry
26:00 Hand Cart
27:32 Heavy Plow
28:51 Gold Mining
29:20 Fervor
29:30 Sanctity
29:14 Stone Mining
30:34 Iron Casting
30:20 Chain Barding Armor
34:31 Imperial Age
32:44 Gold Shaft Mining
32:36 Fletching
35:28 Ballistics
35:19 Fortified Wall
34:34 Heavy Camel Rider
36:19 Blast Furnace
36:00 Plate Barding Armor
36:13 Treadmill Crane
37:59 Hoardings
40:40 Bodkin Arrow
41:38 Conscription
41:08 Capped Ram
42:41 Bracer
42:51 Siege Engineers
42:57 Masonry
42:44 Murder Holes
43:49 Chemistry
43:14 Siege Ram
43:54 Elite Mameluke
44:46 Counterweights
49:50 Padded Archer Armor
49:51 Scale Mail Armor
49:41 Hussar
51:17 Town Patrol
53:13 Bimaristan
57:46 Leather Archer Armor
57:47 Chain Mail Armor
61:46 Two-Man Saw
62:07 Ring Archer Armor
62:07 Plate Mail Armor
TechnoKiller505
8:49 Feudal Age
7:14 Loom
11:07 Double-Bit Axe
11:24 Horse Collar
17:28 Wheelbarrow
20:53 Castle Age
18:58 Town Watch
21:14 Fletching
21:02 Elite Skirmisher
22:55 Padded Archer Armor
Connection lost

Rejoining the realm…

Still unreachable

The connection could not be restored.

Session expired

The server has moved on; the page needs a fresh start.